 Dungeon Crawl Stone Soup version 0.21.1-1-g345015f (webtiles) character file.

85 kae the Insei (level 4, 0/54 HPs)
             Began as a Draconian Transmuter on June 6, 2018.
             Was an Initiate of Okawaru.
             Slain by Grinder (4 damage)
             ... on level 3 of the Dungeon.
             The game lasted 00:03:34 (2707 turns).

kae the Insei (Draconian Transmuter)                Turns: 2707, Time: 00:03:35

Health: 0/54       AC:  2    Str: 17    XL:     4   Next: 25%
Magic:  5/7        EV: 20    Int: 13    God:    Okawaru [......]
Gold:   72         SH:  0    Dex: 18    Spells: 1/7 levels left

rFire    . . .     SeeInvis .     - Unarmed
rCold    . . .     Gourm    .   (shield currently unavailable)
rNeg     . . .     Faith    .   (armour unavailable)
rPois    x         Spirit   .   (helmet currently unavailable)
rElec    .         Reflect  .   (cloak currently unavailable)
rCorr    .         Harm     .   (gloves currently unavailable)
MR       .....                  (boots currently unavailable)
Stlth    ..........             (no amulet)
HPRegen  0.18/turn              (no ring)
MPRegen  0.10/turn              (no ring)

@: berserking, spider-form (expiring), very quick
A: tiny, unfitting armour, AC +5
a: End Transformation, Renounce Religion


You were on level 3 of the Dungeon.
You worshipped Okawaru.
Okawaru was noncommittal.
You were hungry.
You were a venomous arachnid creature.
You visited 1 branch of the dungeon, and saw 3 of its levels.

You collected 72 gold pieces.

Inventory:

Hand Weapons
 j - a +2 vampiric whip
Missiles
 a - 12 arrows
Armour
 h - a +1 pair of gloves (melded)
Scrolls
 g - a scroll of fear
 i - a scroll of remove curse
 l - a scroll of magic mapping
Potions
 d - 4 potions of mutation
 e - a potion of degeneration
 f - a potion of berserk rage
 k - a potion of lignification {unknown}
Books
 b - a book of Changes

   Spells                             Type                      Level
   a - Beastly Appendage              Transmutation                1
   b - Sticks to Snakes               Transmutation                2
   c - Spider Form                    Transmutation/Poison         3
   d - Ice Form                       Ice/Transmutation            4
   e - Blade Hands                    Transmutation                5
Comestibles
 c - 5 rations


   Skills:
 + Level 1.9 Fighting
 + Level 2.2 Dodging
 * Level 3.7 Unarmed Combat
 + Level 2.3 Spellcasting
 * Level 2.9 Transmutations
 + Level 0.5 Invocations


You had one spell level left.
You knew the following spells:

 Your Spells              Type           Power        Failure   Level  Hunger
a - Beastly Appendage     Tmut           #.....       21%         1    #......
b - Sticks to Snakes      Tmut           #.......     26%         2    ###....
c - Spider Form           Tmut/Pois      #.........   61%         3    ###....


Dungeon Overview and Level Annotations

Branches:
Dungeon (3/15)

Altars:
Okawaru
The Shining One

Annotations:
D:3 1 runed door, Grinder


Innate Abilities, Weirdness & Mutations

((Your plain brown scales are hard. (AC +5)))
You cannot fit into any form of body armour.
((You are cold-blooded and may be slowed by cold attacks.))


Message History

You hit Grinder.
Grinder is moderately wounded.
Grinder misses you.
You hit Grinder but do no damage.
Grinder is poisoned.
Grinder is moderately wounded.
Grinder hits you!
You writhe in agony.
You hit Grinder but do no damage.
Grinder looks as sick as possible!
Grinder is heavily wounded.
Your transformation is almost over.
Grinder completely misses you.
You hit Grinder.
Grinder is heavily wounded.
Grinder hits you!
* * * LOW HITPOINT WARNING * * *
You writhe in agony.
* * * LOW HITPOINT WARNING * * *
It was a potion of berserk rage.
A red film seems to cover your vision as you go berserk!
You feel yourself moving faster!
You feel mighty! Grinder hits you.
You die...

*,,,,,,,..5...,,,*,,,,,,,,,,
*,,,,***#....#**,,,,****,,,,
*,,,,* #....# *,*,,,,,,,,**
*,,,,* ♣....♣ *,*,*****,,*
***,,* *♣...♣ *,*,*****,,*
*,** *♣.♣♣ *,,,,,,,,,,* *,*
♣♣.♣ ***,*****,,* *** ♣5♣♣
*,* *,,** ♣♣s♣ *,* *,,,,
♣.♣♣ *,* *,,** *#+#* ***
**** *,,,* *,,,* *,,,* *****


You could see Grinder.

Vanquished Creatures
  3 adders (D:2)
  2 worms (D:2)
  A dart slug (D:1)
  A giant cockroach (D:3)
  7 goblins
  6 hobgoblins
  4 jackals (D:1)
  A quokka (D:2)
  7 bats
  3 frilled lizards
  9 kobolds
  A quokka zombie (D:2)
  7 rats
52 creatures vanquished.

Notes
Turn   | Place    | Note
-------+----------+-------------------------------------------
     0 | D:1      | kae the Draconian Transmuter began the quest for the Orb.
     0 | D:1      | Reached XP level 1. HP: 16/16 MP: 3/3
   130 | D:1      | Reached XP level 2. HP: 16/23 MP: 3/5
  1075 | D:1      | Reached XP level 3. HP: 27/28 MP: 4/6
  1380 | D:2      | Found an iron altar of Okawaru.
  1431 | D:2      | Became a worshipper of Warmaster Okawaru
  2380 | D:2      | Reached XP level 4. HP: 32/36 MP: 7/7
  2470 | D:2      | Found a glowing golden altar of the Shining One.
  2680 | D:3      | Found a runed door.
  2684 | D:3      | Noticed Grinder
  2693 | D:3      | Learned a level 2 spell: Sticks to Snakes
  2697 | D:3      | Learned a level 3 spell: Spider Form
  2707 | D:3      | Slain by Grinder

Skill      XL: |  1  2 |
---------------+-------+-----
Dodging        | 2 |  2.2
Fighting       | |  1.9
Unarmed Combat | |  3.7
Spellcasting   | |  2.3
Transmutations | |  2.9
Invocations    | |  0.5

Action                   |  1- 3 |  4- 6 || total
-------------------------+-------+-------++-------
Melee: Unarmed           |   159 |    32 ||   191
       Kick              |    15 |     2 ||    17
       Tailslap          |    18 |     1 ||    19
       Headbutt          |     5 |     1 ||     6
       Punch             |       |     1 ||     1
 Cast: Beastly Appendage |    24 |     5 ||    29
       Spider Form       |       |     1 ||     1
  Use: Scroll            |     5 |     5 ||    10
       Potion            |       |     1 ||     1
 Stab: Sleeping          |     1 |       ||     1
  Eat: Chunk             |     5 |     1 ||     6
Armor: Skin              |    55 |    12 ||    67
Dodge: Dodged            |   132 |    16 ||   148
